 Dungeon Crawl Stone Soup version 0.20-a0-1017-gc3250ce (webtiles) character file.

12190 AlphabetPasta the Tainter (level 12, 0/81 HPs)
             Began as a Human Venom Mage on Apr 17, 2017.
             Was a High Priest of Sif Muna.
             Slain by Snorg (28 damage)
             ... on level 11 of the Dungeon on Apr 18, 2017.
             The game lasted 01:33:19 (15838 turns).

AlphabetPasta the Tainter (Human Venom Mage)       Turns: 15838, Time: 01:33:19

Health: 0/81       AC:  6    Str: 12    XL:     12   Next: 17%
Magic:  4/28       EV: 15    Int: 26    God:    Sif Muna [*****.]
Gold:   396        SH:  0    Dex: 15    Spells: 1/25 levels left

rFire    . . .     SeeInvis .   D - +6 Majin-Bo {vamp, Archmagi MP+6 Int+6}
rCold    . . .     Gourm    .   (shield currently unavailable)
rNeg     . . .     Faith    .   a - +0 robe
rPois    .         Spirit   .   B - +1 helmet
rElec    .         Reflect  .   t - +0 cloak
rCorr    .         Harm     .   m - +1 pair of gloves
MR       +....                  (no boots)
Stlth    ++........             (no amulet)
Regen    0.3/turn               o - +4 ring of strength
MPRegen  0.3/turn               v - +2 ring of slaying

@: no status effects
A: deformed body, magic resistance 1
a: Divine Energy, Channel Magic, Forget Spell, Renounce Religion


You were on level 11 of the Dungeon.
You worshipped Sif Muna.
Sif Muna was extremely pleased with you.
You were not hungry.

You visited 2 branches of the dungeon, and saw 12 of its levels.

You collected 718 gold pieces.
You spent 322 gold pieces at shops.

Inventory:

Hand Weapons
 x - the +8 trident of Fate {flame, +Blink +Fly rPois rC+++ Int-4}
   (You found it on level 9 of the Dungeon)

   It has been specially enchanted to burn those struck by it, causing extra
   injury to most foes and up to half again as much damage against particularly
   susceptible opponents.
   It affects your intelligence (-4).
   It renders you almost immune to cold.
   It protects you from poison.
   It lets you fly.
   It lets you blink.
 z - a +1 quarterstaff
 D - the +6 Majin-Bo (weapon) {vamp, Archmagi MP+6 Int+6}
   (You found it on level 8 of the Dungeon)

   It inflicts no extra harm, but heals its wielder when it wounds a living foe.
   It affects your intelligence (+6).
   It affects your magic capacity (+6).
Armour
 a - a +0 robe (worn)
 m - a +1 pair of gloves (worn)
 t - a +0 cloak (worn)
 B - a +1 helmet (worn)
Jewellery
 i - an uncursed ring of see invisible
 o - a +4 ring of strength (left hand)
 v - a +2 ring of slaying (right hand)
 y - an uncursed ring of wizardry
 C - an uncursed ring of fire
Wands
 d - a wand of confusion (19/48)
 u - a wand of disintegration (0/24)
 w - a wand of iceblast (0/15)
 A - a wand of lightning (2/15)
 E - a wand of iceblast (0/15)
 F - a wand of flame (0/48)
 H - a wand of confusion (18/48)
 L - a wand of lightning (9/15)
Scrolls
 e - a scroll of enchant weapon
 f - 10 scrolls of remove curse
 g - a scroll of amnesia
 j - 6 scrolls of teleportation
 n - 2 scrolls of recharging
 p - 2 scrolls of fog
 K - a scroll of fear
Potions
 l - 2 potions of curing
 q - 2 potions of cancellation
 s - a potion of brilliance
 J - 2 potions of flight
 M - a potion of agility
 P - a potion of berserk rage {unknown}
 Q - a potion of heal wounds {unknown}
Books
 b - a Young Poisoner's Handbook

   Spells                             Type                      Level
   a - Sting                          Conjuration/Poison           1
   b - Poisonous Vapours              Poison/Air                   2
   c - Mephitic Cloud                 Conjuration/Poison/Air       3
   d - Olgreb's Toxic Radiance        Poison                       4
   e - Venom Bolt                     Conjuration/Poison           5
 r - a book of Flames

   Spells                             Type                      Level
   a - Flame Tongue                   Conjuration/Fire             1
   b - Throw Flame                    Conjuration/Fire             2
   c - Conjure Flame                  Conjuration/Fire             3
   d - Inner Flame                    Hexes/Fire                   3
   e - Sticky Flame                   Conjuration/Fire             4
   f - Fireball                       Conjuration/Fire             5
 G - a book of Power

   Spells                             Type                      Level
   a - Iskenderun's Battlesphere      Conjuration/Charms           5
   b - Venom Bolt                     Conjuration/Poison           5
   c - Bolt of Magma                  Conjuration/Fire/Earth       5
   d - Iron Shot                      Conjuration/Earth            6
   e - Orb of Destruction             Conjuration                  7
   f - Spellforged Servitor           Conjuration/Summoning        7
 I - Sif Muna's Almanac of Creative Confrontation
   (Sif Muna gifted it to you on level 10 of the Dungeon)

   Spells                             Type                      Level
   a - Static Discharge               Conjuration/Air              3
   b - Conjure Ball Lightning         Conjuration/Air              6
   c - Shadow Creatures               Summoning                    6
   d - Lehudib's Crystal Spear        Conjuration/Earth            8
   e - Summon Horrible Things         Summoning                    8
Comestibles
 c - 13 bread rations
 h - 3 royal jellies
 k - 3 fruits
 N - 2 meat rations


   Skills:
 - Level 3.2 Fighting
 - Level 2.0(2.5) Polearms
 + Level 2.4(2.8) Staves
 - Level 5.0 Dodging
 - Level 2.0 Stealth
 + Level 7.1 Spellcasting
 - Level 7.4 Conjurations
 + Level 2.4 Fire Magic
 + Level 2.7 Earth Magic
 * Level 11.4 Poison Magic
 + Level 7.8 Invocations


You had one spell level left.
You knew the following spells:

 Your Spells              Type           Power        Failure   Level  Hunger
a - Sting                 Conj/Pois      ####         1%          1    None
b - Poisonous Vapours     Pois/Air       ######       1%          2    None
c - Mephitic Cloud        Conj/Pois/Air  ######..     1%          3    None
d - Olgreb's Toxic Radia  Pois           #######.     1%          4    ###....
e - Venom Bolt            Conj/Pois      ######....   4%          5    #####..
f - Bolt of Magma         Conj/Fire/Erth #####.....   30%         5    #####..
g - Sticky Flame          Conj/Fire      ######..     10%         4    ###....


Dungeon Overview and Level Annotations

Branches:
Dungeon (11/15)            Temple (1/1) D:4            Lair (0/6) D:9
    Orc (0/2) D:11

Altars:
Ashenzari
Cheibriados
Dithmenos
Elyvilon
Fedhas
Gozag
Hepliaklqana
Kikubaaqudgha
Makhleb
Nemelex Xobeh
Okawaru
Qazlal
Ru
Sif Muna
Trog
Uskayaw
Vehumet
Wu Jian
Xom
Yredelemnul
Zin
The Shining One

Shops:
D:4 :   D:7 *   D:8 ?   D:10 *

Annotations:
D:3 TroubleDarcy's ghost, amateur GrBe
D:5 Menkaure; baronkooklespooks's ghost, amateur DsFE
D:8 Magifyre's ghost, novice FoFi
D:11 Snorg


Innate Abilities, Weirdness & Mutations

Armour fits poorly on your strangely shaped body.
You are resistant to hostile enchantments. (MR+)


Message History

You feel a surge of power!
Poisonous vapours surround Snorg!
Snorg is engulfed in poison gas.
Snorg looks as sick as possible!
Snorg goes berserk!
Casting: Poisonous Vapours
Confirm with . or Enter, or press ? or * to list all spells.
Aiming: Poisonous Vapours
Press: ? - help, Dir - move target cursor, f/p - Snorg
Aim: Snorg (almost dead, berserk, fast, unusually strong, poisoned)
Okay, then.
Casting: Poisonous Vapours
Confirm with . or Enter, or press ? or * to list all spells.
Aiming: Sticky Flame
Press: ? - help, Shift-Dir - straight line, f/p - Snorg
Aim: Snorg (almost dead, berserk, fast, unusually strong, poisoned)
You feel a surge of power!
The sticky flame hits Snorg.
Snorg is almost dead.
Snorg is covered in liquid flames!
Snorg burns!
Snorg bites you! Snorg claws you. Snorg claws you!
Snorg burns!
Snorg bites you!!
You die...

#..# #.# #..##########.#
..............#########
...........<............
........########### #######.#
###################.###########
...............................
.............T@................
...............................
#########..###########..#######
#..# #..# ######..# #..#######
.........###########.........
...............>.............
#############################


You could see Snorg (berserk).

Vanquished Creatures
  A centaur warrior (D:10)
  2 two-headed ogres
  An unseen horror (D:5)
  A necromancer (D:10)
  A manticore (D:11)
  Psyche (D:11)
  2 trolls (D:9)
  Prince Ribbit (D:7)
  2 hippogriffs (D:11)
  A spriggan (D:9)
  Sigmund (D:5)
  A vampire (D:11)
  2 yaks (D:9)
  Eustachio (D:5)
  A soldier ant (D:9)
  An acid dragon (D:11)
  A water moccasin (D:9)
  4 porcupines (D:9)
  An ice beast (D:9)
  3 orc warriors
  A phantom (D:10)
  5 ogres
  10 centaurs
  3 crocodiles (D:9)
  2 big kobolds
  3 bullfrogs
  A gnoll sergeant (D:6)
  3 scorpions
  11 killer bees
  An electric eel (D:8)
  5 howler monkeys
  4 wights (D:9)
  4 crimson imps
  7 hounds
  4 bullfrog skeletons
  2 centaur zombies (D:8)
  4 orc priests
  3 centaur skeletons
  8 iguanas
  2 jellies
  11 orc wizards
  17 worker ants
  3 yak simulacra (D:10)
  A polar bear simulacrum (D:10)
  4 wolf simulacra (D:10)
  2 hound zombies
  A worker ant zombie (D:11)
  15 adders
  16 gnolls
  A shadow imp (D:7)
  2 adder skeletons
  3 worms
  3 dart slugs
  6 leopard geckos
  32 orcs
  5 bats
  8 giant cockroaches
  7 goblins
  5 hobgoblins
  18 jackals
  13 kobolds
  5 quokkas
  3 frilled lizards
  A jackal skeleton (D:6)
  A leopard gecko skeleton (D:6)
  8 rats
  3 river rat simulacra (D:10)
  3 fungi (D:9)
309 creatures vanquished.

Vanquished Creatures (others)
  21 fungi (D:9)
  10 plants
31 creatures vanquished.

Grand Total: 340 creatures vanquished

Notes
Turn   | Place    | Note
-------+----------+-------------------------------------------
     0 | D:1      | AlphabetPasta the Human Venom Mage began the quest for the Orb.
     0 | D:1      | Reached XP level 1. HP: 13/13 MP: 3/3
    99 | D:1      | Reached XP level 2. HP: 16/19 MP: 0/5
   103 | D:1      | Learned a level 2 spell: Poisonous Vapours
   602 | D:1      | Reached XP level 3. HP: 25/25 MP: 1/6
   607 | D:1      | Learned a level 3 spell: Mephitic Cloud
  1013 | D:2      | Learned a level 3 spell: Mephitic Cloud
  1077 | D:2      | Reached skill level 1 in Fighting
  1077 | D:2      | Reached XP level 4. HP: 28/32 MP: 4/7
  1841 | D:3      | Reached skill level 4 in Poison Magic
  1945 | D:3      | Noticed TroubleDarcy's ghost (amateur GrBe)
  2245 | D:3      | Reached XP level 5. HP: 34/37 MP: 6/8
  3340 | D:4      | Reached XP level 6. HP: 42/43 MP: 5/10
  3350 | D:4      | Learned a level 4 spell: Olgreb's Toxic Radiance
  3366 | D:4      | Noticed an ogre
  3388 | D:4      | Killed an ogre
  3515 | D:4      | Found an iron altar of Okawaru.
  3554 | D:4      | Reached skill level 5 in Poison Magic
  3705 | D:4      | Found Qyur's Book Shop.
  3758 | D:4      | Noticed an ogre
  3839 | D:4      | Killed an ogre
  3839 | D:4      | Reached XP level 7. HP: 50/50 MP: 5/11
  4086 | D:4      | Found a staircase to the Ecumenical Temple.
  4098 | Temple   | Entered the Ecumenical Temple
  4191 | Temple   | Became a worshipper of Sif Muna the Loreminder
  4510 | D:4      | Found a hide-covered altar of Uskayaw.
  4511 | D:4      | Found a burning altar of Makhleb.
  4547 | D:5      | Entered Level 5 of the Dungeon
  4700 | D:5      | Noticed baronkooklespooks's ghost (amateur DsFE)
  4862 | D:5      | Noticed Menkaure
  5115 | D:5      | Noticed Eustachio
  5127 | D:5      | Killed Eustachio
  5127 | D:5      | Reached skill level 6 in Poison Magic
  5127 | D:5      | Reached skill level 1 in Invocations
  5127 | D:5      | Reached XP level 8. HP: 48/56 MP: 1/13
  5254 | D:5      | Noticed an unseen horror
  5282 | D:5      | Killed an unseen horror
  5282 | D:5      | Reached * piety under Sif Muna
  5282 | D:5      | Reached skill level 7 in Poison Magic
  5642 | D:5      | Reached XP level 9. HP: 50/61 MP: 8/15
  6080 | D:5      | Noticed Sigmund
  6086 | D:5      | Killed Sigmund
  6086 | D:5      | Reached skill level 5 in Conjurations
  6726 | D:5      | Reached skill level 8 in Poison Magic
  6814 | D:5      | Learned a level 5 spell: Venom Bolt
  6820 | D:6      | Gained mutation: Armour fits poorly on your strangely shaped body. [potion of mutation]
  6820 | D:6      | Gained mutation: You are resistant to hostile enchantments. (MR+) [potion of mutation]
  6820 | D:6      | HP: 2/61 [gnoll sergeant/spear (5)]
  6980 | D:6      | Reached ** piety under Sif Muna
  7131 | D:6      | Found a sacrificial altar of Ru.
  7676 | D:6      | Reached skill level 5 in Spellcasting
  8313 | D:7      | Reached skill level 1 in Polearms
  8725 | D:7      | Found a shimmering altar of Xom.
  8783 | D:7      | Noticed Prince Ribbit
  8789 | D:7      | Killed Prince Ribbit
  8852 | D:7      | Reached XP level 10. HP: 67/67 MP: 10/17
  9053 | D:7      | Reached skill level 5 in Invocations
  9168 | D:7      | Found a bloodstained altar of Trog.
  9346 | D:7      | Found Wico's General Store.
  9349 | D:7      | Bought a potion of degeneration for 16 gold pieces
  9349 | D:7      | Bought a scroll of noise for 16 gold pieces
  9425 | D:7      | Reached skill level 1 in Staves
  9425 | D:7      | Reached skill level 9 in Poison Magic
  9986 | D:8      | Noticed Magifyre's ghost (novice FoFi)
 10022 | D:8      | Found Zanetru's Magic Scroll Emporium.
 10049 | D:8      | Bought a scroll of identify for 30 gold pieces
 10049 | D:8      | Bought a scroll of identify for 30 gold pieces
 10543 | D:8      | Reached *** piety under Sif Muna
 10858 | D:8      | Found an ancient bone altar of Kikubaaqudgha.
 11353 | D:8      | Found a shadowy altar of Dithmenos.
 11608 | D:9      | Found a stormy altar of Qazlal.
 11790 | D:9      | Reached skill level 10 in Poison Magic
 11814 | D:9      | Reached XP level 11. HP: 35/72 MP: 20/20
 11864 | D:9      | Found a staircase to the Lair.
 11900 | D:9      | Found a glowing golden altar of the Shining One.
 11902 | D:9      | Identified the +8 trident of Fate {flame, +Blink +Fly rPois rC+++ Int-4} (You found it on level 9 of the Dungeon)
 11945 | D:9      | HP: 2/72 [wight/flail of freezing (6)]
 11958 | D:9      | HP: 3/72 [the Majin-Bo (2)]
 12354 | D:9      | Reached **** piety under Sif Muna
 12678 | D:9      | Noticed a two-headed ogre
 12702 | D:9      | Killed a two-headed ogre
 13017 | D:10     | Entered Level 10 of the Dungeon
 13116 | D:10     | Found an iron altar of Okawaru.
 13133 | D:10     | Learned a level 5 spell: Bolt of Magma
 13261 | D:10     | Found Touret's Assorted Antiques.
 13274 | D:10     | Bought a large amethyst amulet for 115 gold pieces
 13274 | D:10     | Bought a small bone amulet for 115 gold pieces
 13599 | D:10     | Noticed a centaur warrior
 13614 | D:10     | Killed a centaur warrior
 13614 | D:10     | Reached ***** piety under Sif Muna
 13900 | D:10     | Reached skill level 1 in Fire Magic
 14208 | D:10     | Noticed a necromancer
 14225 | D:10     | Killed a necromancer
 14225 | D:10     | Reached skill level 1 in Earth Magic
 14225 | D:10     | Reached skill level 11 in Poison Magic
 14293 | D:10     | Identified Sif Muna's Almanac of Creative Confrontation (Sif Muna gifted it to you on level 10 of the Dungeon)
 14293 | D:10     | Received a gift from Sif Muna
 14548 | D:11     | Noticed a two-headed ogre
 14570 | D:11     | Killed a two-headed ogre
 14745 | D:11     | Reached skill level 5 in Dodging
 14745 | D:11     | Reached XP level 12. HP: 51/81 MP: 21/22
 15318 | D:11     | Learned a level 4 spell: Sticky Flame
 15332 | D:11     | Found a staircase to the Orcish Mines.
 15333 | D:11     | Noticed Psyche
 15339 | D:11     | Killed Psyche
 15811 | D:11     | Noticed Snorg
 15838 | D:11     | Slain by Snorg

Vault maps used:
D:1:      roderic_dead_forest
D:3:      dk_noncrumbling_3, minmay_randomly_rotated_circles
D:4:      gammafunk_temple_overflow_pools, lemuel_round_altar, temple_hall,
          serial_shops, shop, first_bread, minmay_tree_intersection
D:5:      kennysheep_big_flooded_room, uniq_eustachio, uniq_sigmund,
          uniq_menkaure
D:6:      old_standard_altar
D:7:      brannock_xom_greatest_gift, basic_altar, serial_shops,
          kennysheep_mini_moat, uniq_prince_ribbit1
D:8:      kennysheep_little_box, kennysheep_mini, serial_shops, shop_coins,
          kennysheep_generic_room_6
D:9:      grunt_qazlal_clouds, due_lair_maze_entry_diamond, basic_altar,
          hangedman_abyss_or_decor_stabs, the_bakery, roderic_lattice_a,
          kennysheep_generic_room_2
D:10:     serial_shops, nicolae_shop_overgrown_old_shop, basic_altar,
          eino_house_with_fridge
D:11:     orc_0_dummy, nicolae_twisting_strands, uniq_psyche, uniq_snorg
Temple:   minmay_temple_curvy_branch

Skill      XL: |  1  2  3  4  5  6  7  8  9 10 11 |
---------------+----------------------------------+-----
Conjurations   | 2 3 4 5 6 7 |  7.4
Fighting       | 1 2 3 |  3.2
Poison Magic   | 4 5 6 7 8 10 11 | 11.4
Dodging        | 3 4 5 |  5.0
Spellcasting   | 3 4 5 6 7 |  7.1
Invocations    | 1 3 4 6 7 |  7.8
Polearms       | 1 2 |  2.0
Staves         | 2 |  2.4
Fire Magic     | 2 |  2.4
Earth Magic    | 2 |  2.7
Stealth        | |  2.0

Action                   |  1- 3 |  4- 6 |  7- 9 | 10-12 || total
-------------------------+-------+-------+-------+-------++-------
Melee: Unarmed           |     4 |       |       |       ||     4
       Club              |     2 |       |       |       ||     2
       Spear             |     8 |    27 |       |       ||    35
       Trident           |       |    34 |   177 |    40 ||   251
       Quarterstaff      |       |       |       |   272 ||   272
 Cast: Sting             |    32 |    65 |    31 |    23 ||   151
       Poisonous Vapours |     6 |    40 |   122 |   116 ||   284
       Olgreb's Toxic Ra |       |       |     4 |    26 ||    30
       Mephitic Cloud    |       |       |       |     7 ||     7
       Venom Bolt        |       |       |       |     1 ||     1
       Sticky Flame      |       |       |       |     2 ||     2
Evoke: Wand              |       |       |       |    17 ||    17
  Use: Scroll            |     7 |     2 |     8 |     9 ||    26
       Potion            |       |       |     7 |     2 ||     9
 Stab: Sleeping          |       |     3 |     1 |     3 ||     7
       Confused          |       |       |       |     1 ||     1
  Eat: Chunk             |     1 |    10 |    15 |    12 ||    38
       Royal jelly       |       |     1 |       |     1 ||     2
       Fruit             |       |       |     4 |     1 ||     5
       Meat ration       |       |       |       |     3 ||     3
Armor: Robe              |     5 |    19 |    25 |    60 ||   109
Dodge: Dodged            |    13 |    49 |   157 |   233 ||   452
